 Dungeon Crawl Stone Soup version 0.28-a0-1182-g381e24db82 (webtiles) character file.

Game seed: 1630998417668333605

132 coolguy420 the Conjurer (level 4, -3/24 HPs)
             Began as a Deep Elf Conjurer on Dec 17, 2021.
             Killed by divine providence
             ... invoked by an orc priest
              (9 damage)
             ... on level 4 of the Dungeon.
             The game lasted 00:05:20 (3113 turns).

coolguy420 the Conjurer (Deep Elf Conjurer)         Turns: 3113, Time: 00:05:21

Health: -3/24      AC:  2    Str:  4    XL:     4   Next: 92%
Magic:  9/12       EV: 12    Int: 25    God:
Gold:   106        SH:  0    Dex: 13    Spells: 10/11 levels left

rFire   . . .      SeeInvis .   (no weapon)
rCold   . . .      Faith    .   (no shield)
rNeg    . . .      Spirit   .   a - +0 robe
rPois   .          Reflect  .   (no helmet)
rElec   .          Harm     .   (no cloak)
rCorr   .          Rampage  .   (no gloves)
Will    .....                   (no boots)
Stlth   ++........              (no amulet)
HPRegen 0.08/turn               (no ring)
MPRegen 0.13/turn               (no ring)

@: no status effects
A: no striking features
a: no special abilities


You were on level 4 of the Dungeon.
You visited 1 branch of the dungeon, and saw 4 of its levels.

You collected 106 gold pieces.

Inventory:

Armour
 a - a +0 robe (worn)
Jewellery
 f - a ring of protection from cold
 o - an amulet of faith
Scrolls
 b - 2 scrolls of noise {unknown}
 c - 3 scrolls of magic mapping {unknown}
 d - a scroll of summoning {unknown}
 g - a scroll of brand weapon {unknown}
 h - a scroll of fear {unknown}
 j - a scroll of fog {unknown}
 k - 2 scrolls of identify {unknown}
 m - 2 scrolls of amnesia {unknown}
Potions
 e - 2 potions of lignification {unknown}
 i - 3 potions of flight {unknown}
 l - a potion of attraction {unknown}
 n - a potion of curing {unknown}


   Skills:
 + Level 2.7 Dodging
 + Level 3.2 Stealth
 + Level 4.4 Spellcasting
 + Level 5.8 Conjurations


You had 10 spell levels left.
You knew the following spells:

 Your Spells              Type           Power      Damage    Failure   Level
a - Magic Dart            Conj           100%       1d8       1%          1

Your spell library contained the following spells:

 Spells                   Type           Power      Damage    Failure   Level
 Searing Ray              Conj           70%        2d7       1%          2
 Dazzling Flash           Conj/Hex       40%        N/A       8%          3
 Fulminant Prism          Conj/Hex       10%        3d9       26%         4
 Iskenderun's Mystic Bla  Conj/Tloc      20%        2d6       26%         4
 Alistair's Intoxication  Tmut/Pois      3%         N/A       94%         5
 Borgnjor's Vile Clutch   Necr/Erth      2%         N/A       94%         5
 Eringya's Noxious Bog    Tmut/Pois      2%         N/A       100%        6


Dungeon Overview and Level Annotations

Branches:
Dungeon (4/15)
 Temple: D:4-7

Altars:
Xom


Message History

The hobgoblin shouts!
The magic dart hits the hobgoblin.
The hobgoblin is moderately wounded.
The magic dart hits the hobgoblin but does no damage.
The hobgoblin is moderately wounded.
The magic dart hits the hobgoblin but does no damage.
The hobgoblin is moderately wounded.
The magic dart hits the hobgoblin!
You kill the hobgoblin!
You see here 30 bolts.
Things that are here:
a +0 hunting sling; a +0 club; 12 stones Done exploring.
Done exploring.
There is a stone staircase leading down here.
You climb downwards.
The goblin shouts!
The orc shouts!
The orc priest shouts!
Found a mace and 3 scrolls labelled SOFYUB NITIWU.
Found a stone staircase leading up.
There is a stone staircase leading up here.
The magic dart hits the orc priest.
The orc priest is heavily wounded.
The goblin unwields a +0 dagger.
The goblin wields a +0 hunting sling.
The goblin shoots a stone.
The stone hits you.
The orc priest hits you with a +0 short sword.
The orc closely misses you.
The magic dart hits the orc priest but does no damage.
The orc priest is heavily wounded.
The orc barely misses you.
The orc priest invokes the aid of Beogh against you.
Beogh smites you!
The magic dart hits the orc priest but does no damage.
The orc priest is heavily wounded.
The orc hits you with a +0 club.
The orc priest hits you with a +0 short sword.
* * * LOW HITPOINT WARNING * * *
The orc misses you.
The orc priest invokes the aid of Beogh against you.
Beogh smites you!
You die...

## .. #. #.##
##..###
####.....##
.#...♣...♣.##
......r@....#
...♣...o...♣.#
#...o.o...#
##?♣.g)♣..#
#........#
#..<#.##.#
#.#. .. # ###.
.. .. ...


You could see an orc priest, 2 orcs, a quokka and a goblin.

Vanquished Creatures
  Terence (D:3)
  Jessica (D:3)
  A dart slug (D:1)
  7 orcs
  4 endoplasms
  3 giant cockroaches
  13 goblins
  7 hobgoblins
  3 jackals (D:2)
  5 kobolds
  2 quokkas
  4 ball pythons
  A bat (D:1)
  4 frilled lizards
  8 rats
64 creatures vanquished.

Notes
Turn   | Place    | Note
-------+----------+-------------------------------------------
     0 | D:1      | coolguy420 the Deep Elf Conjurer began the quest for the
                  | Orb.
     0 | D:1      | Reached XP level 1. HP: 10/10 MP: 6/6
    90 | D:1      | Found a faded altar of an unknown god.
   225 | D:1      | Reached XP level 2. HP: 15/15 MP: 5/8
   536 | D:1      | Reached skill level 5 in Conjurations
   808 | D:1      | Reached XP level 3. HP: 18/19 MP: 0/9
  2125 | D:3      | Noticed Terence
  2135 | D:3      | Killed Terence
  2136 | D:3      | Reached XP level 4. HP: 5/24 MP: 1/12
  2364 | D:3      | Noticed Jessica
  2367 | D:3      | Killed Jessica
  2851 | D:3      | Found a shimmering altar of Xom.
  3113 | D:4      | Killed from afar by an orc priest

Illustrated notes

Levels and vault maps discovered:
D:1:      amcnicky_arrival_gap_in_the_tavern_cellar, layout_basic,
          dreamdust_ecumenical_altar_grove
D:2:      layout_basic
D:3:      layout_loops_ring, mainiacjoe_overflow_tiny_flanked, uniq_terence,
          uniq_jessica
D:4:      layout_basic, grunt_qazlal_sundering, grunt_ministairs_2

Skill      XL: |  1  2  3 |
---------------+----------+-----
Conjurations   | 5 |  5.8
Stealth        | 3 |  3.2
Spellcasting   | 4 |  4.4
Dodging        | |  2.7

Action                   |  1- 3 |  4- 6 || total
-------------------------+-------+-------++-------
Melee: Unarmed           |     7 |       ||     7
 Cast: Magic Dart        |    98 |    34 ||   132
Armor: Robe              |       |     4 ||     4
Dodge: Dodged            |    15 |     8 ||    23

Table legend: (Time is in decaauts)
 A = Elapsed time spent in this place.
 B = Non-inter-level travel time spent in this place.
 C = Inter-level travel time spent in this place.
 D = Time resting spent in this place.
 E = Time spent auto-exploring this place.
 F = Levels seen in this place.
 G = Mean time per level.
                   A        B        C        D        E       F      G
               +--------+--------+--------+--------+--------+-----+--------+
         Total |   3112 |   3034 |     78 |    226 |   2521 |   4 |  778.0 |
       Dungeon |   3112 |   3034 |     78 |    226 |   2521 |   4 |  778.0 |
               +--------+--------+--------+--------+--------+-----+--------+

Top non-repeatable levels by time:
     D:3: 1129 daAuts
     D:1: 999 daAuts
     D:2: 979 daAuts
     D:4: 3 daAuts
